DALLAS Stars vs PHILADELPHIA Flyers

Created - 11 mars 2024 at 20:37

Goals
1 2 3 OT1 T
DALLAS Stars 1 0 3 0 4
PHILADELPHIA Flyers 3 1 0 1 5
Shots
1 2 3 OT1 T
DALLAS Stars 5 7 16 1 29
PHILADELPHIA Flyers 21 4 6 4 35

1st period

1. PHILADELPHIA Flyers , Alexander Edler 6 (Claude Giroux 31, Nick Schmaltz 20) at 1:49 (PP)
2. DALLAS Stars , Patrik Nemeth 2 (Paul Cotter 7, Sean Walker 10) at 12:44
3. PHILADELPHIA Flyers , Nick Schmaltz 12 (Claude Giroux 32, Ben Chiarot 24) at 18:05
4. PHILADELPHIA Flyers , Jonathan Drouin 3 (Sam Gagner 11, Adam Erne 16) at 19:29

Penalties :
Marc-Edouard Vlasic (DAL) for Tripping (Minor) at 1:09, Ryan Suter (DAL) for Slashing (Minor) at 5:13, Ryan Suter (DAL) for Holding (Minor) at 8:14

2nd period

5. PHILADELPHIA Flyers , Leon Draisaitl 27 (Shea Weber 14) at 2:48

Penalties :
Leon Draisaitl (PHI) for Cross-checking (Minor) at 3:23, Juuso Valimaki (DAL) for Tripping (Minor) at 3:23, Alexander Edler (PHI) for Slashing (Minor) at 12:50, Brendan Gallagher (DAL) for Hooking (Minor) at 12:50

3rd period

6. DALLAS Stars , Ryan Suter 11 (Jesperi Kotkaniemi 20) at 6:14
7. DALLAS Stars , Emil Bemstrom 11 (Sean Walker 11, Patrik Nemeth 10) at 10:00
8. DALLAS Stars , Juuso Valimaki 5 (Ryan Suter 21, Sonny Milano 15) at 17:59 (PP)

Penalties :
Shea Weber (PHI) for High sticking (Minor) at 10:16, Sean Couturier (PHI) for Cross-checking (Minor) at 14:49, Alexander Edler (PHI) for Slashing (Minor) at 17:19, Sean Couturier (PHI) for Roughing (Minor) at 18:28

Overtime #1

9. PHILADELPHIA Flyers , Sean Monahan 9 (Josh Leivo 4, Justin Schultz 21) at 3:19

Penalties :
No Penalty

Goalie Stats

Carter Hart (DAL), 13 saves from 15 shots - (0,867), OTL, 12-8-4, 43:51 minutes
Matthew Villalta (DAL), 17 saves from 20 shots - (0,850), 19:29 minutes
Connor Hellebuyck (PHI), 25 saves from 29 shots - (0,862), W, 23-20-2, 63:20 minutes

Players Stats for DALLAS Stars

Player Name              G  A  P  +/- PIM S  H  SB GA TA FO     MP     PP MP  PK MP  
------------------------------------------------------------------------------------
Alexander Radulov        0  0  0   0  0   0  0  0  0  0  2/10    9:57   2:53   0:00 
Aliaksei Protas          0  0  0   0  0   1  0  1  0  0  1/1    16:48   2:44   3:19 
Andreas Johnsson         0  0  0   0  0   0  2  0  0  0  0/0     7:04   0:00   0:00 
Brendan Gallagher        0  0  0   0  2   0  2  0  0  0  1/2    14:17   0:00   1:19 
Cal Clutterbuck          0  0  0   0  0   1  3  0  0  0  0/0     7:04   0:00   0:00 
Conor Timmins            0  0  0  -2  0   0  2  3  0  0  0/0    24:04   2:53   2:07 
Emil Bemstrom            1  0  1  -1  0   2  0  1  0  0  0/0    21:42   3:25   0:00 
Jesperi Kotkaniemi       0  1  1  -1  0   5  4  2  0  0  18/28  20:18   2:44   0:00 
Juuso Valimaki           1  0  1  -1  2   2  1  1  0  0  0/0    23:06   3:16   1:51 
Marc-Edouard Vlasic      0  0  0  -1  2   0  4  2  0  0  0/0    21:28   0:00   2:19 
Nicklas Backstrom        0  0  0   0  0   2  0  0  0  0  1/3    11:04   0:00   0:00 
Patrik Nemeth            1  1  2   2  0   2  0  0  0  0  0/0    14:05   0:00   0:00 
Paul Cotter              0  1  1   0  0   3  1  0  0  0  8/24   12:52   0:00   3:19 
Peyton Krebs             0  0  0   0  0   3  1  0  0  0  12/23  20:16   3:25   0:00 
Ryan Suter               1  1  2  -1  4   2  1  0  0  0  0/0    21:11   3:16   0:00 
Sean Walker              0  2  2   2  0   0  0  0  0  0  0/0    16:57   0:00   2:59 
Sonny Milano             0  1  1   0  0   2  0  0  0  0  1/4    20:23   3:25   1:19 
Viktor Arvidsson         0  0  0   0  0   4  1  0  0  0  1/3    19:11   2:44   0:00 

Players Stats for PHILADELPHIA Flyers

Player Name              G  A  P  +/- PIM S  H  SB GA TA FO     MP     PP MP  PK MP  
------------------------------------------------------------------------------------
Adam Erne                0  1  1  -1  0   0  1  0  0  0  0/0    11:58   2:39   0:00 
Alexander Edler          1  0  1   0  4   2  2  1  0  0  0/0    20:33   2:49   0:00 
Ben Chiarot              0  1  1   1  0   2  1  0  0  0  0/0    22:27   1:49   3:20 
Chris Tierney            0  0  0  -1  0   0  0  0  0  0  2/8     6:55   0:00   0:00 
Claude Giroux            0  2  2   2  0   2  2  0  0  0  21/29  25:29   1:59   4:05 
Jakub Voracek            0  0  0  -1  0   0  0  0  0  0  0/0     5:57   0:00   0:00 
Joel Edmundson           0  0  0  -1  0   0  2  1  0  0  0/0    18:10   0:00   3:03 
Jonathan Drouin          1  0  1  -1  0   1  1  0  0  0  0/1    11:58   0:00   1:59 
Josh Leivo               0  1  1   0  0   1  0  0  0  0  0/0     7:51   0:00   0:00 
Justin Schultz           0  1  1   1  0   1  0  1  0  0  0/0    22:12   1:49   1:16 
Leon Draisaitl           1  0  1   2  2   7  1  0  0  0  6/12   24:46   1:59   4:28 
Mike Hoffman             0  0  0   0  0   3  4  0  0  0  0/0    16:29   2:39   0:00 
Nick Schmaltz            1  1  2   2  0   5  2  0  0  0  2/8    21:26   1:59   1:24 
Noah Juulsen             0  0  0  -1  0   0  0  2  0  0  0/0    15:50   0:00   3:38 
Sam Gagner               0  1  1  -1  0   3  0  0  0  0  4/12    9:30   0:00   0:00 
Sean Couturier           0  0  0   0  4   1  0  0  0  0  10/16  14:06   0:00   0:18 
Sean Monahan             1  0  1   1  0   5  0  0  0  0  8/12   19:37   2:39   0:32 
Shea Weber               0  1  1   1  2   2  2  4  0  0  0/0    24:33   2:49   1:57 

3 Stars

1 - Nick Schmaltz (PHI)
2 - Patrik Nemeth (DAL)
3 - Claude Giroux (PHI)

Power Play

DALLAS Stars - 1 on 4 Attempt(s) - 25,00%
PHILADELPHIA Flyers - 1 on 3 Attempt(s) - 33,33%

Penalty Kill

DALLAS Stars - 2 on 3 Attempt(s) - 66,67% - Score 0 goal in Penalty Kill
PHILADELPHIA Flyers - 3 on 4 Attempt(s) - 75,00% - Score 0 goal in Penalty Kill

Team Stat

DALLAS Stars - Hits : 22 - Faceoff Wins : 45 - Blocked Shots : 10 - Penalty Minutes : 10
PHILADELPHIA Flyers - Hits : 18 - Faceoff Wins : 53 - Blocked Shots : 9 - Penalty Minutes : 12

Official

Referees : Maria Furberg and Steve Kozari
Linesman : Kiel Murchison and Alex Blair

Game Notes

Carter Hart enters game at 19:29 of 1st period

Finance

Level 1 -- Attendance: 4717 (78,62%) -- Ticket Income $471,700
Level 2 -- Attendance: 4468 (89,36%) -- Ticket Income $268,080
Level 3 -- Attendance: 2000 (100,00%) -- Ticket Income $70,000
Level 4 -- Attendance: 3983 (99,58%) -- Ticket Income $79,660
Luxury Box -- Attendance: 789 (78,90%) -- Ticket Income $157,800
Game was played at the Wells Fargo Center.
Total Attendance: 15957 (88,65%)
Total Ticket Income: $1,047,240
Other Income: $261,810
Total Income: $1,309,050

DALLAS Stars

5 vs 5 Forward 
   Center                   Left Wing                Right Wing               Time % Phy DF OF 
 1 Peyton Krebs             Viktor Arvidsson         Sonny Milano             35     1   2  2  
 2 Jesperi Kotkaniemi       Emil Bemstrom            Brendan Gallagher        30     1   2  2  
 3 Paul Cotter              Nicklas Backstrom        Aliaksei Protas          20     1   2  2  
 4 Alexander Radulov        Andreas Johnsson         Cal Clutterbuck          15     1   2  2  

5 vs 5 Defense 
   Defense                  Defense                                           Time % Phy DF OF 
 1 Juuso Valimaki           Ryan Suter                                        40     1   1  3  
 2 Marc-Edouard Vlasic      Conor Timmins                                     30     1   2  2  
 3 Sean Walker              Patrik Nemeth                                     20     2   2  1  
 4 Conor Timmins            Marc-Edouard Vlasic                               10     1   2  2  

PowerPlay Forward 
   Center                   Left Wing                Right Wing               Time % Phy DF OF 
 1 Jesperi Kotkaniemi       Viktor Arvidsson         Aliaksei Protas          60     1   2  2  
 2 Peyton Krebs             Sonny Milano             Emil Bemstrom            40     1   2  2  

PowerPlay Defense
   Defense                  Defense                                           Time % Phy DF OF 
 1 Juuso Valimaki           Ryan Suter                                        60     1   2  2  
 2 Alexander Radulov        Conor Timmins                                     40     1   1  3  

Penalty Kill 4 Players Forward 
   Center                   Wing                     Time % Phy DF OF 
 1 Paul Cotter              Aliaksei Protas          60     1   2  2  
 2 Sonny Milano             Brendan Gallagher        40     1   2  2  

Penalty Kill 4 Players Defense
   Defense                  Defense                  Time % Phy DF OF 
 1 Marc-Edouard Vlasic      Sean Walker              60     1   2  2  
 2 Conor Timmins            Juuso Valimaki           40     1   2  2  

Penalty Kill - 3 Players Forward 
   Forward                                           Time % Phy DF OF 
 1 Paul Cotter                                       60     1   2  2  
 2 Cal Clutterbuck                                   40     1   2  2  

Penalty Kill - 3 Players Defense
   Defense                  Defense                  Time % Phy DF OF 
 1 Marc-Edouard Vlasic      Ryan Suter               60     1   2  2  
 2 Sean Walker              Juuso Valimaki           40     1   2  2  

4 vs 4 Forward 
   Center                   Wing                     Time % Phy DF OF 
 1 Jesperi Kotkaniemi       Emil Bemstrom            60     1   2  2  
 2 Peyton Krebs             Brendan Gallagher        40     1   2  2  

4 vs 4 Defense
   Defense                  Defense                  Time % Phy DF OF 
 1 Marc-Edouard Vlasic      Juuso Valimaki           60     1   2  2  
 2 Conor Timmins            Ryan Suter               40     1   2  2  

Last Minutes Offensive
   Center                   Left Wing                Right Wing               Defense                  Defense                  
   Peyton Krebs             Jesperi Kotkaniemi       Aliaksei Protas          Conor Timmins            Juuso Valimaki           

Last Minutes Defensive
   Center                   Left Wing                Right Wing               Defense                  Defense                  
   Paul Cotter              Aliaksei Protas          Cal Clutterbuck          Marc-Edouard Vlasic      Ryan Suter               

Goaltenders
Starting : Matthew Villalta         
Backup : Carter Hart              

Extra Forwards
Normal : Aliaksei Protas, Peyton Krebs, Alexander Radulov - PP : Aliaksei Protas, Peyton Krebs - PK : Alexander Radulov
Extra Defensemen
Normal : Sean Walker, Juuso Valimaki, Conor Timmins - PP : Sean Walker - PK : Juuso Valimaki, Conor Timmins
Penalty Shots
Viktor Arvidsson, Jesperi Kotkaniemi, Sonny Milano, Nicklas Backstrom, Peyton Krebs

Scratches
Zach Senyshyn (Healthy)

PHILADELPHIA Flyers

5 vs 5 Forward 
   Center                   Left Wing                Right Wing               Time % Phy DF OF 
 1 Claude Giroux            Leon Draisaitl           Nick Schmaltz            50     1   2  2  
 2 Sean Couturier           Mike Hoffman             Sean Monahan             25     1   2  2  
 3 Sam Gagner               Jonathan Drouin          Adam Erne                15     1   2  2  
 4 Chris Tierney            Jakub Voracek            Josh Leivo               10     1   2  2  

5 vs 5 Defense 
   Defense                  Defense                                           Time % Phy DF OF 
 1 Ben Chiarot              Shea Weber                                        40     1   2  2  
 2 Alexander Edler          Justin Schultz                                    30     1   2  2  
 3 Joel Edmundson           Noah Juulsen                                      20     1   2  2  
 4 Alexander Edler          Shea Weber                                        10     1   2  2  

PowerPlay Forward 
   Center                   Left Wing                Right Wing               Time % Phy DF OF 
 1 Nick Schmaltz            Leon Draisaitl           Claude Giroux            60     1   2  2  
 2 Sean Monahan             Mike Hoffman             Adam Erne                40     1   2  2  

PowerPlay Defense
   Defense                  Defense                                           Time % Phy DF OF 
 1 Alexander Edler          Shea Weber                                        60     1   2  2  
 2 Ben Chiarot              Justin Schultz                                    40     1   2  2  

Penalty Kill 4 Players Forward 
   Center                   Wing                     Time % Phy DF OF 
 1 Leon Draisaitl           Claude Giroux            60     1   2  2  
 2 Sean Couturier           Nick Schmaltz            40     1   2  2  

Penalty Kill 4 Players Defense
   Defense                  Defense                  Time % Phy DF OF 
 1 Noah Juulsen             Ben Chiarot              60     1   2  2  
 2 Shea Weber               Joel Edmundson           40     1   2  2  

Penalty Kill - 3 Players Forward 
   Forward                                           Time % Phy DF OF 
 1 Leon Draisaitl                                    60     1   2  2  
 2 Claude Giroux                                     40     1   2  2  

Penalty Kill - 3 Players Defense
   Defense                  Defense                  Time % Phy DF OF 
 1 Shea Weber               Ben Chiarot              60     1   2  2  
 2 Justin Schultz           Joel Edmundson           40     1   2  2  

4 vs 4 Forward 
   Center                   Wing                     Time % Phy DF OF 
 1 Leon Draisaitl           Claude Giroux            60     1   2  2  
 2 Sean Monahan             Nick Schmaltz            40     1   2  2  

4 vs 4 Defense
   Defense                  Defense                  Time % Phy DF OF 
 1 Justin Schultz           Ben Chiarot              60     1   2  2  
 2 Shea Weber               Joel Edmundson           40     1   2  2  

Last Minutes Offensive
   Center                   Left Wing                Right Wing               Defense                  Defense                  
   Claude Giroux            Leon Draisaitl           Nick Schmaltz            Shea Weber               Ben Chiarot              

Last Minutes Defensive
   Center                   Left Wing                Right Wing               Defense                  Defense                  
   Sean Monahan             Jonathan Drouin          Claude Giroux            Alexander Edler          Justin Schultz           

Goaltenders
Starting : Connor Hellebuyck        
Backup : Arturs Silovs            

Extra Forwards
Normal : Sam Gagner, Adam Erne, Jonathan Drouin - PP : Sam Gagner, Adam Erne - PK : Jonathan Drouin
Extra Defensemen
Normal : Justin Schultz, Alexander Edler, Shea Weber - PP : Alexander Edler - PK : Shea Weber, Noah Juulsen
Penalty Shots
Leon Draisaitl, Claude Giroux, Jonathan Drouin, Nick Schmaltz, Mike Hoffman

Scratches
None


% Time on Ice - DALLAS Stars

Lines # - Real PCT - Wanted PCT - Time Play
Normal Forward
1 - 35% - 35% - 15:39
2 - 29% - 30% - 12:59
3 - 21% - 20% - 9:33
4 - 16% - 15% - 7:04
Normal Defense
1 - 38% - 40% - 17:20
2 - 29% - 30% - 13:16
3 - 26% - 20% - 11:59
4 - 6% - 10% - 2:40
PP Forward
1 - 44% - 60% - 2:44
2 - 56% - 40% - 3:25
PP Defense
1 - 53% - 60% - 3:16
2 - 47% - 40% - 2:53
PK Forward
1 - 72% - 60% - 3:19
2 - 28% - 40% - 1:19
PK Defense
1 - 64% - 60% - 2:59
2 - 36% - 40% - 1:39
PK3 Forward
1 - 0% - 60%
2 - 0% - 40%
PK3 Defense
1 - 0% - 60%
2 - 0% - 40%
44 Forward
1 - 73% - 60% - 3:14
2 - 27% - 40% - 1:12
44 Defense
1 - 73% - 60% - 3:14
2 - 27% - 40% - 1:12
Last Minute Offensive  - 0:00
Last Minute Defensive  - 0:00
Total
Forward - 60:28
Defense - 60:28

% Time on Ice - PHILADELPHIA Flyers

Lines # - Real PCT - Wanted PCT - Time Play
Normal Forward
1 - 38% - 50% - 17:21
2 - 31% - 25% - 13:50
3 - 18% - 15% - 8:07
4 - 13% - 10% - 5:57
Normal Defense
1 - 34% - 40% - 15:17
2 - 34% - 30% - 15:12
3 - 27% - 20% - 12:12
4 - 6% - 10% - 2:34
PP Forward
1 - 43% - 60% - 1:59
2 - 57% - 40% - 2:39
PP Defense
1 - 61% - 60% - 2:49
2 - 39% - 40% - 1:49
PK Forward
1 - 77% - 60% - 4:45
2 - 23% - 40% - 1:24
PK Defense
1 - 53% - 60% - 3:14
2 - 47% - 40% - 2:55
PK3 Forward
1 - 100% - 60% - 0:28
2 - 0% - 40% - 0:00
PK3 Defense
1 - 71% - 60% - 0:20
2 - 29% - 40% - 0:08
44 Forward
1 - 82% - 60% - 3:16
2 - 18% - 40% - 0:42
44 Defense
1 - 51% - 60% - 2:01
2 - 49% - 40% - 1:57
Last Minute Offensive  - 0:00
Last Minute Defensive  - 0:00
Total
Forward - 60:28
Defense - 60:28

Play-by-Play

1st period


0:01 of 1st period - Claude Giroux wins face-off versus Peyton Krebs in neutral zone.
0:05 of 1st period - Nick Schmaltz is hit by Juuso Valimaki and loses puck.
1:08 of 1st period - Sean Couturier is hit by Marc-Edouard Vlasic.
1:09 of 1st period - Minor Penalty to Marc-Edouard Vlasic for Tripping.
1:10 of 1st period - Sean Monahan wins face-off versus Paul Cotter in DALLAS Stars zone.
1:13 of 1st period - Shot by Mike Hoffman.
1:13 of 1st period - Deflect By Adam Erne.
1:13 of 1st period - Shot Misses the Net.
1:15 of 1st period - Shot by Shea Weber.
1:15 of 1st period - Shot Misses the Net.
1:17 of 1st period - Shot by Sean Monahan.
1:17 of 1st period - Shot Blocked by Conor Timmins.
1:19 of 1st period - Shot by Alexander Edler.
1:19 of 1st period - Stopped by Matthew Villalta without a rebound.
1:20 of 1st period - Paul Cotter wins face-off versus Sean Monahan in DALLAS Stars zone.
1:29 of 1st period - Shot by Ben Chiarot.
1:29 of 1st period - Stopped by Matthew Villalta without a rebound.
1:30 of 1st period - Nick Schmaltz wins face-off versus Paul Cotter in DALLAS Stars zone.
1:47 of 1st period - Shot by Alexander Edler.
1:47 of 1st period - Shot Misses the Net.
1:49 of 1st period - Shot by Alexander Edler.
1:49 of 1st period - Goal by Alexander Edler - DALLAS Stars : 0 - PHILADELPHIA Flyers : 1.
1:50 of 1st period - Sam Gagner wins face-off versus Nicklas Backstrom in neutral zone.
2:25 of 1st period - Shot by Jonathan Drouin.
2:25 of 1st period - Shot Blocked by Conor Timmins.
2:32 of 1st period - Icing by Aliaksei Protas.
2:33 of 1st period - Aliaksei Protas wins face-off versus Claude Giroux in DALLAS Stars zone.
2:39 of 1st period - Claude Giroux is hit by Marc-Edouard Vlasic and loses puck.
3:04 of 1st period - Shot by Jesperi Kotkaniemi.
3:04 of 1st period - Shot Misses the Net.
3:14 of 1st period - Shot by Jesperi Kotkaniemi.
3:14 of 1st period - Stopped by Connor Hellebuyck without a rebound.
3:15 of 1st period - Sean Couturier wins face-off versus Alexander Radulov in PHILADELPHIA Flyers zone.
3:15 of 1st period - Mike Hoffman is hit by Andreas Johnsson and loses puck.
3:48 of 1st period - Shot by Cal Clutterbuck.
3:48 of 1st period - Stopped by Connor Hellebuyck without a rebound.
3:49 of 1st period - Jesperi Kotkaniemi wins face-off versus Chris Tierney in PHILADELPHIA Flyers zone.
3:52 of 1st period - Shot by Jesperi Kotkaniemi.
3:52 of 1st period - Shot Misses the Net.
4:17 of 1st period - Shot by Sean Walker.
4:17 of 1st period - Shot Blocked by Noah Juulsen.
5:07 of 1st period - Icing by Justin Schultz.
5:08 of 1st period - Claude Giroux wins face-off versus Alexander Radulov in PHILADELPHIA Flyers zone.
5:08 of 1st period - Claude Giroux is hit by Cal Clutterbuck.
5:13 of 1st period - Minor Penalty to Ryan Suter for Slashing.
5:14 of 1st period - Sean Monahan wins face-off versus Paul Cotter in DALLAS Stars zone.
5:18 of 1st period - Sean Monahan is hit by Conor Timmins and loses puck.
5:23 of 1st period - Shot by Shea Weber.
5:23 of 1st period - Stopped by Matthew Villalta with a rebound.
5:25 of 1st period - Shot by Adam Erne.
5:25 of 1st period - Shot Misses the Net.
5:39 of 1st period - Shot by Shea Weber.
5:39 of 1st period - Shot Blocked by Aliaksei Protas.
5:41 of 1st period - Shot by Adam Erne.
5:41 of 1st period - Shot Misses the Net.
5:43 of 1st period - Shot by Mike Hoffman.
5:43 of 1st period - Stopped by Matthew Villalta without a rebound.
5:44 of 1st period - Brendan Gallagher wins face-off versus Nick Schmaltz in DALLAS Stars zone.
6:20 of 1st period - Shot by Leon Draisaitl.
6:20 of 1st period - Stopped by Matthew Villalta without a rebound.
6:21 of 1st period - Sean Monahan wins face-off versus Paul Cotter in DALLAS Stars zone.
6:36 of 1st period - Shot by Shea Weber.
6:36 of 1st period - Shot Misses the Net.
6:38 of 1st period - Shot by Alexander Edler.
6:38 of 1st period - Shot Misses the Net.
6:40 of 1st period - Shot by Adam Erne.
6:40 of 1st period - Shot Misses the Net.
7:28 of 1st period - Shot by Josh Leivo.
7:28 of 1st period - Shot Misses the Net.
7:34 of 1st period - Shot by Viktor Arvidsson.
7:34 of 1st period - Stopped by Connor Hellebuyck without a rebound.
7:35 of 1st period - Claude Giroux wins face-off versus Brendan Gallagher in PHILADELPHIA Flyers zone.
7:44 of 1st period - Shot by Leon Draisaitl.
7:44 of 1st period - Stopped by Matthew Villalta with a rebound.
7:54 of 1st period - Shot by Nick Schmaltz.
7:54 of 1st period - Stopped by Matthew Villalta without a rebound.
7:55 of 1st period - Chris Tierney wins face-off versus Peyton Krebs in DALLAS Stars zone.
8:07 of 1st period - Icing by Ryan Suter.
8:08 of 1st period - Claude Giroux wins face-off versus Sonny Milano in DALLAS Stars zone.
8:11 of 1st period - Shot by Nick Schmaltz.
8:11 of 1st period - Shot Misses the Net.
8:13 of 1st period - Shot by Nick Schmaltz.
8:13 of 1st period - Shot Misses the Net.
8:14 of 1st period - Minor Penalty to Ryan Suter for Holding.
8:15 of 1st period - Nick Schmaltz wins face-off versus Paul Cotter in DALLAS Stars zone.
8:30 of 1st period - Shot by Claude Giroux.
8:30 of 1st period - Stopped by Matthew Villalta without a rebound.
8:31 of 1st period - Sean Monahan wins face-off versus Sonny Milano in DALLAS Stars zone.
8:46 of 1st period - Shot by Shea Weber.
8:46 of 1st period - Stopped by Matthew Villalta without a rebound.
8:47 of 1st period - Paul Cotter wins face-off versus Nick Schmaltz in DALLAS Stars zone.
9:10 of 1st period - Shot by Claude Giroux.
9:10 of 1st period - Shot Misses the Net.
9:12 of 1st period - Shot by Claude Giroux.
9:12 of 1st period - Shot Misses the Net.
9:14 of 1st period - Shot by Nick Schmaltz.
9:14 of 1st period - Stopped by Matthew Villalta without a rebound.
9:15 of 1st period - Sonny Milano wins face-off versus Sean Monahan in DALLAS Stars zone.
9:24 of 1st period - Marc-Edouard Vlasic is hit by Mike Hoffman and loses puck.
9:33 of 1st period - Shot by Sean Monahan.
9:33 of 1st period - Deflect By Mike Hoffman.
9:33 of 1st period - Stopped by Matthew Villalta without a rebound.
9:34 of 1st period - Paul Cotter wins face-off versus Nick Schmaltz in DALLAS Stars zone.
9:51 of 1st period - Shot by Ben Chiarot.
9:51 of 1st period - Stopped by Matthew Villalta without a rebound.
9:52 of 1st period - Paul Cotter wins face-off versus Sean Monahan in DALLAS Stars zone.
9:58 of 1st period - Icing by Alexander Edler.
9:59 of 1st period - Sean Monahan wins face-off versus Paul Cotter in PHILADELPHIA Flyers zone.
10:37 of 1st period - Icing by Ryan Suter.
10:38 of 1st period - Sean Couturier wins face-off versus Viktor Arvidsson in DALLAS Stars zone.
11:17 of 1st period - Shot by Mike Hoffman.
11:17 of 1st period - Shot Misses the Net.
11:19 of 1st period - Shot by Sean Monahan.
11:19 of 1st period - Stopped by Matthew Villalta without a rebound.
11:20 of 1st period - Claude Giroux wins face-off versus Jesperi Kotkaniemi in DALLAS Stars zone.
12:38 of 1st period - Shot by Patrik Nemeth.
12:38 of 1st period - Shot Misses the Net.
12:40 of 1st period - Shot by Paul Cotter.
12:40 of 1st period - Stopped by Connor Hellebuyck with a rebound.
12:42 of 1st period - Shot by Paul Cotter.
12:42 of 1st period - Shot Misses the Net.
12:44 of 1st period - Shot by Patrik Nemeth.
12:44 of 1st period - Goal by Patrik Nemeth - DALLAS Stars : 1 - PHILADELPHIA Flyers : 1.
12:45 of 1st period - Sean Couturier wins face-off versus Peyton Krebs in neutral zone.
12:55 of 1st period - Shot by Mike Hoffman.
12:55 of 1st period - Stopped by Matthew Villalta without a rebound.
12:56 of 1st period - Alexander Radulov wins face-off versus Chris Tierney in DALLAS Stars zone.
13:04 of 1st period - Off-side.
13:05 of 1st period - Claude Giroux wins face-off versus Peyton Krebs in neutral zone.
13:20 of 1st period - Shot by Nick Schmaltz.
13:20 of 1st period - Stopped by Matthew Villalta without a rebound.
13:21 of 1st period - Sean Couturier wins face-off versus Paul Cotter in DALLAS Stars zone.
13:40 of 1st period - Shot by Sean Monahan.
13:40 of 1st period - Shot Misses the Net.
14:09 of 1st period - Icing by Alexander Edler.
14:10 of 1st period - Sean Couturier wins face-off versus Viktor Arvidsson in PHILADELPHIA Flyers zone.
14:27 of 1st period - Off-side.
14:28 of 1st period - Claude Giroux wins face-off versus Jesperi Kotkaniemi in neutral zone.
15:39 of 1st period - Shot by Jonathan Drouin.
15:39 of 1st period - Deflect By Sam Gagner.
15:39 of 1st period - Shot Blocked by Emil Bemstrom.
16:51 of 1st period - Shot by Alexander Edler.
16:51 of 1st period - Shot Blocked by Marc-Edouard Vlasic.
16:53 of 1st period - Shot by Justin Schultz.
16:53 of 1st period - Stopped by Matthew Villalta with a rebound.
17:02 of 1st period - Mike Hoffman is hit by Marc-Edouard Vlasic.
17:09 of 1st period - Sean Couturier is hit by Conor Timmins and loses puck.
18:03 of 1st period - Shot by Claude Giroux.
18:03 of 1st period - Shot Misses the Net.
18:05 of 1st period - Shot by Nick Schmaltz.
18:05 of 1st period - Goal by Nick Schmaltz - DALLAS Stars : 1 - PHILADELPHIA Flyers : 2.
18:06 of 1st period - Chris Tierney wins face-off versus Peyton Krebs in neutral zone.
18:06 of 1st period - Ben Chiarot is hit by Peyton Krebs and loses puck.
19:08 of 1st period - Shot by Leon Draisaitl.
19:08 of 1st period - Stopped by Matthew Villalta without a rebound.
19:09 of 1st period - Jesperi Kotkaniemi wins face-off versus Sam Gagner in DALLAS Stars zone.
19:14 of 1st period - Emil Bemstrom is hit by Adam Erne and loses puck.
19:23 of 1st period - Shot by Adam Erne.
19:23 of 1st period - Shot Blocked by Marc-Edouard Vlasic.
19:25 of 1st period - Shot by Adam Erne.
19:25 of 1st period - Shot Misses the Net.
19:27 of 1st period - Shot by Sam Gagner.
19:27 of 1st period - Shot Misses the Net.
19:29 of 1st period - Shot by Jonathan Drouin.
19:29 of 1st period - Goal by Jonathan Drouin - DALLAS Stars : 1 - PHILADELPHIA Flyers : 3.
19:29 of 1st period - Carter Hart enters game.
19:30 of 1st period - Claude Giroux wins face-off versus Paul Cotter in neutral zone.
19:39 of 1st period - Shot by Nick Schmaltz.
19:39 of 1st period - Stopped by Carter Hart without a rebound.
19:40 of 1st period - Jesperi Kotkaniemi wins face-off versus Claude Giroux in DALLAS Stars zone.
Goals for this period are 1 for DALLAS Stars vs 3 for PHILADELPHIA Flyers.
Shots for this period are 5 for DALLAS Stars vs 21 for PHILADELPHIA Flyers.

2nd period


0:01 of 2nd period - Claude Giroux wins face-off versus Sonny Milano in neutral zone.
0:34 of 2nd period - Shot by Sonny Milano.
0:34 of 2nd period - Stopped by Connor Hellebuyck with a rebound.
0:51 of 2nd period - Off-side.
0:52 of 2nd period - Paul Cotter wins face-off versus Sean Couturier in neutral zone.
1:54 of 2nd period - Icing by Joel Edmundson.
1:55 of 2nd period - Sam Gagner wins face-off versus Jesperi Kotkaniemi in PHILADELPHIA Flyers zone.
2:07 of 2nd period - Ryan Suter is hit by Joel Edmundson.
2:12 of 2nd period - Off-side.
2:13 of 2nd period - Claude Giroux wins face-off versus Alexander Radulov in neutral zone.
2:13 of 2nd period - Leon Draisaitl is hit by Andreas Johnsson and loses puck.
2:26 of 2nd period - Icing by Shea Weber.
2:27 of 2nd period - Jesperi Kotkaniemi wins face-off versus Nick Schmaltz in PHILADELPHIA Flyers zone.
2:41 of 2nd period - Emil Bemstrom is hit by Shea Weber and loses puck.
2:48 of 2nd period - Shot by Leon Draisaitl.
2:48 of 2nd period - Goal by Leon Draisaitl - DALLAS Stars : 1 - PHILADELPHIA Flyers : 4.
2:49 of 2nd period - Peyton Krebs wins face-off versus Sean Couturier in neutral zone.
3:04 of 2nd period - Shot by Viktor Arvidsson.
3:04 of 2nd period - Shot Misses the Net.
3:06 of 2nd period - Shot by Viktor Arvidsson.
3:06 of 2nd period - Shot Misses the Net.
3:22 of 2nd period - Shot by Sean Monahan.
3:22 of 2nd period - Stopped by Carter Hart without a rebound.
3:23 of 2nd period - Claude Giroux wins face-off versus Alexander Radulov in DALLAS Stars zone.
3:23 of 2nd period - Minor Penalty to Leon Draisaitl for Cross-checking.
3:23 of 2nd period - Minor Penalty to Juuso Valimaki for Tripping.
3:24 of 2nd period - Claude Giroux wins face-off versus Jesperi Kotkaniemi in DALLAS Stars zone.
3:53 of 2nd period - Shot by Emil Bemstrom.
3:53 of 2nd period - Shot Misses the Net.
3:55 of 2nd period - Shot by Jesperi Kotkaniemi.
3:55 of 2nd period - Shot Blocked by Shea Weber.
4:12 of 2nd period - Jesperi Kotkaniemi is hit by Claude Giroux and loses puck.
4:47 of 2nd period - Justin Schultz is hit by Jesperi Kotkaniemi and loses puck.
5:18 of 2nd period - Ben Chiarot is hit by Jesperi Kotkaniemi and loses puck.
5:41 of 2nd period - Shot by Alexander Radulov.
5:41 of 2nd period - Shot Misses the Net.
6:32 of 2nd period - Shot by Peyton Krebs.
6:32 of 2nd period - Shot Blocked by Shea Weber.
6:40 of 2nd period - Shot by Peyton Krebs.
6:40 of 2nd period - Shot Misses the Net.
6:42 of 2nd period - Shot by Viktor Arvidsson.
6:42 of 2nd period - Deflect By Peyton Krebs.
6:42 of 2nd period - Shot Blocked by Shea Weber.
6:44 of 2nd period - Shot by Peyton Krebs.
6:44 of 2nd period - Stopped by Connor Hellebuyck without a rebound.
6:45 of 2nd period - Paul Cotter wins face-off versus Claude Giroux in PHILADELPHIA Flyers zone.
6:52 of 2nd period - Shot by Paul Cotter.
6:52 of 2nd period - Stopped by Connor Hellebuyck without a rebound.
6:53 of 2nd period - Claude Giroux wins face-off versus Paul Cotter in PHILADELPHIA Flyers zone.
7:25 of 2nd period - Shot by Paul Cotter.
7:25 of 2nd period - Shot Misses the Net.
7:27 of 2nd period - Shot by Juuso Valimaki.
7:27 of 2nd period - Stopped by Connor Hellebuyck without a rebound.
7:28 of 2nd period - Sam Gagner wins face-off versus Peyton Krebs in PHILADELPHIA Flyers zone.
7:33 of 2nd period - Shot by Viktor Arvidsson.
7:33 of 2nd period - Stopped by Connor Hellebuyck without a rebound.
7:34 of 2nd period - Peyton Krebs wins face-off versus Chris Tierney in PHILADELPHIA Flyers zone.
7:34 of 2nd period - Peyton Krebs is hit by Alexander Edler.
7:48 of 2nd period - Peyton Krebs is hit by Alexander Edler and loses puck.
10:14 of 2nd period - Icing by Leon Draisaitl.
10:15 of 2nd period - Claude Giroux wins face-off versus Peyton Krebs in PHILADELPHIA Flyers zone.
10:17 of 2nd period - Icing by Leon Draisaitl.
10:18 of 2nd period - Claude Giroux wins face-off versus Peyton Krebs in PHILADELPHIA Flyers zone.
10:26 of 2nd period - Peyton Krebs is hit by Joel Edmundson and loses puck.
10:33 of 2nd period - Shot by Viktor Arvidsson.
10:33 of 2nd period - Shot Blocked by Noah Juulsen.
10:35 of 2nd period - Shot by Viktor Arvidsson.
10:35 of 2nd period - Shot Misses the Net.
11:40 of 2nd period - Icing by Mike Hoffman.
11:41 of 2nd period - Jesperi Kotkaniemi wins face-off versus Sean Couturier in PHILADELPHIA Flyers zone.
11:49 of 2nd period - Icing by Shea Weber.
11:50 of 2nd period - Jesperi Kotkaniemi wins face-off versus Sean Couturier in PHILADELPHIA Flyers zone.
11:50 of 2nd period - Jesperi Kotkaniemi is hit by Shea Weber.
11:57 of 2nd period - Icing by Sean Couturier.
11:58 of 2nd period - Sean Couturier wins face-off versus Jesperi Kotkaniemi in PHILADELPHIA Flyers zone.
12:03 of 2nd period - Conor Timmins is hit by Mike Hoffman and loses puck.
12:32 of 2nd period - Icing by Marc-Edouard Vlasic.
12:33 of 2nd period - Jesperi Kotkaniemi wins face-off versus Sam Gagner in DALLAS Stars zone.
12:33 of 2nd period - Jesperi Kotkaniemi is hit by Jonathan Drouin.
12:50 of 2nd period - Minor Penalty to Alexander Edler for Slashing.
12:50 of 2nd period - Minor Penalty to Brendan Gallagher for Hooking.
12:51 of 2nd period - Jesperi Kotkaniemi wins face-off versus Leon Draisaitl in PHILADELPHIA Flyers zone.
12:54 of 2nd period - Shot by Emil Bemstrom.
12:54 of 2nd period - Deflect By Jesperi Kotkaniemi.
12:54 of 2nd period - Stopped by Connor Hellebuyck without a rebound.
12:55 of 2nd period - Leon Draisaitl wins face-off versus Jesperi Kotkaniemi in PHILADELPHIA Flyers zone.
13:19 of 2nd period - Shot by Jesperi Kotkaniemi.
13:19 of 2nd period - Shot Misses the Net.
13:21 of 2nd period - Shot by Juuso Valimaki.
13:21 of 2nd period - Deflect By Jesperi Kotkaniemi.
13:21 of 2nd period - Shot Misses the Net.
13:47 of 2nd period - Shot by Peyton Krebs.
13:47 of 2nd period - Shot Misses the Net.
14:33 of 2nd period - Shot by Adam Erne.
14:33 of 2nd period - Shot Misses the Net.
14:39 of 2nd period - Shot by Sam Gagner.
14:39 of 2nd period - Stopped by Carter Hart without a rebound.
14:40 of 2nd period - Jesperi Kotkaniemi wins face-off versus Leon Draisaitl in DALLAS Stars zone.
15:29 of 2nd period - Shot by Alexander Radulov.
15:29 of 2nd period - Deflect By Cal Clutterbuck.
15:29 of 2nd period - Shot Misses the Net.
15:31 of 2nd period - Shot by Cal Clutterbuck.
15:31 of 2nd period - Shot Misses the Net.
16:07 of 2nd period - Shot by Shea Weber.
16:07 of 2nd period - Shot Blocked by Juuso Valimaki.
16:51 of 2nd period - Shot by Nick Schmaltz.
16:51 of 2nd period - Deflect By Leon Draisaitl.
16:51 of 2nd period - Stopped by Carter Hart without a rebound.
16:52 of 2nd period - Claude Giroux wins face-off versus Paul Cotter in DALLAS Stars zone.
16:55 of 2nd period - Shot by Claude Giroux.
16:55 of 2nd period - Shot Misses the Net.
16:58 of 2nd period - Icing by Patrik Nemeth.
16:59 of 2nd period - Claude Giroux wins face-off versus Paul Cotter in DALLAS Stars zone.
17:12 of 2nd period - Aliaksei Protas is hit by Nick Schmaltz and loses puck.
17:16 of 2nd period - Icing by Patrik Nemeth.
17:17 of 2nd period - Sean Couturier wins face-off versus Paul Cotter in DALLAS Stars zone.
18:33 of 2nd period - Shot by Peyton Krebs.
18:33 of 2nd period - Shot Blocked by Alexander Edler.
18:35 of 2nd period - Shot by Juuso Valimaki.
18:35 of 2nd period - Shot Misses the Net.
18:46 of 2nd period - Mike Hoffman is hit by Marc-Edouard Vlasic and loses puck.
19:17 of 2nd period - Shot by Jesperi Kotkaniemi.
19:17 of 2nd period - Stopped by Connor Hellebuyck without a rebound.
19:18 of 2nd period - Leon Draisaitl wins face-off versus Alexander Radulov in PHILADELPHIA Flyers zone.
19:25 of 2nd period - Cal Clutterbuck is hit by Nick Schmaltz and loses puck.
19:34 of 2nd period - Claude Giroux is hit by Cal Clutterbuck.
Goals for this period are 0 for DALLAS Stars vs 1 for PHILADELPHIA Flyers.
Shots for this period are 7 for DALLAS Stars vs 4 for PHILADELPHIA Flyers.

3rd period


0:01 of 3rd period - Peyton Krebs wins face-off versus Claude Giroux in neutral zone.
0:35 of 3rd period - Shot by Viktor Arvidsson.
0:35 of 3rd period - Shot Blocked by Shea Weber.
0:54 of 3rd period - Ben Chiarot is hit by Brendan Gallagher and loses puck.
1:03 of 3rd period - Shot by Jesperi Kotkaniemi.
1:03 of 3rd period - Stopped by Connor Hellebuyck without a rebound.
1:04 of 3rd period - Paul Cotter wins face-off versus Sam Gagner in PHILADELPHIA Flyers zone.
1:07 of 3rd period - Shot by Nicklas Backstrom.
1:07 of 3rd period - Stopped by Connor Hellebuyck without a rebound.
1:08 of 3rd period - Jesperi Kotkaniemi wins face-off versus Sam Gagner in PHILADELPHIA Flyers zone.
1:09 of 3rd period - Shot by Emil Bemstrom.
1:09 of 3rd period - Stopped by Connor Hellebuyck without a rebound.
1:10 of 3rd period - Jesperi Kotkaniemi wins face-off versus Sam Gagner in PHILADELPHIA Flyers zone.
2:02 of 3rd period - Justin Schultz is hit by Brendan Gallagher and loses puck.
2:33 of 3rd period - Shot by Claude Giroux.
2:33 of 3rd period - Stopped by Carter Hart without a rebound.
2:34 of 3rd period - Sean Couturier wins face-off versus Peyton Krebs in DALLAS Stars zone.
3:15 of 3rd period - Peyton Krebs is hit by Mike Hoffman and loses puck.
3:24 of 3rd period - Joel Edmundson is hit by Viktor Arvidsson and loses puck.
4:03 of 3rd period - Shot by Nicklas Backstrom.
4:03 of 3rd period - Shot Misses the Net.
4:05 of 3rd period - Shot by Paul Cotter.
4:05 of 3rd period - Stopped by Connor Hellebuyck without a rebound.
4:06 of 3rd period - Claude Giroux wins face-off versus Alexander Radulov in PHILADELPHIA Flyers zone.
4:32 of 3rd period - Shot by Leon Draisaitl.
4:32 of 3rd period - Stopped by Carter Hart without a rebound.
4:33 of 3rd period - Jesperi Kotkaniemi wins face-off versus Sam Gagner in DALLAS Stars zone.
4:46 of 3rd period - Shot by Jesperi Kotkaniemi.
4:46 of 3rd period - Shot Misses the Net.
4:48 of 3rd period - Shot by Emil Bemstrom.
4:48 of 3rd period - Deflect By Jesperi Kotkaniemi.
4:48 of 3rd period - Shot Misses the Net.
4:53 of 3rd period - Icing by Alexander Edler.
4:54 of 3rd period - Peyton Krebs wins face-off versus Sam Gagner in PHILADELPHIA Flyers zone.
5:05 of 3rd period - Shot by Viktor Arvidsson.
5:05 of 3rd period - Stopped by Connor Hellebuyck without a rebound.
5:06 of 3rd period - Leon Draisaitl wins face-off versus Paul Cotter in PHILADELPHIA Flyers zone.
5:17 of 3rd period - Shot by Leon Draisaitl.
5:17 of 3rd period - Stopped by Carter Hart without a rebound.
5:18 of 3rd period - Peyton Krebs wins face-off versus Chris Tierney in DALLAS Stars zone.
6:00 of 3rd period - Peyton Krebs is hit by Ben Chiarot and loses puck.
6:08 of 3rd period - Icing by Ben Chiarot.
6:09 of 3rd period - Jesperi Kotkaniemi wins face-off versus Chris Tierney in PHILADELPHIA Flyers zone.
6:12 of 3rd period - Shot by Jesperi Kotkaniemi.
6:12 of 3rd period - Shot Misses the Net.
6:14 of 3rd period - Shot by Ryan Suter.
6:14 of 3rd period - Goal by Ryan Suter - DALLAS Stars : 2 - PHILADELPHIA Flyers : 4.
6:15 of 3rd period - Jesperi Kotkaniemi wins face-off versus Claude Giroux in neutral zone.
6:51 of 3rd period - Icing by Emil Bemstrom.
6:52 of 3rd period - Sam Gagner wins face-off versus Jesperi Kotkaniemi in DALLAS Stars zone.
6:52 of 3rd period - Sam Gagner is hit by Ryan Suter.
7:04 of 3rd period - Shot by Adam Erne.
7:04 of 3rd period - Shot Misses the Net.
7:08 of 3rd period - Shot by Sam Gagner.
7:08 of 3rd period - Shot Blocked by Jesperi Kotkaniemi.
7:10 of 3rd period - Shot by Sam Gagner.
7:10 of 3rd period - Stopped by Carter Hart with a rebound.
7:12 of 3rd period - Shot by Sam Gagner.
7:12 of 3rd period - Stopped by Carter Hart without a rebound.
7:13 of 3rd period - Peyton Krebs wins face-off versus Sean Couturier in DALLAS Stars zone.
7:36 of 3rd period - Shot by Viktor Arvidsson.
7:36 of 3rd period - Deflect By Peyton Krebs.
7:36 of 3rd period - Stopped by Connor Hellebuyck without a rebound.
7:37 of 3rd period - Claude Giroux wins face-off versus Paul Cotter in PHILADELPHIA Flyers zone.
7:37 of 3rd period - Claude Giroux is hit by Paul Cotter.
7:43 of 3rd period - Shot by Paul Cotter.
7:43 of 3rd period - Shot Blocked by Justin Schultz.
7:45 of 3rd period - Shot by Patrik Nemeth.
7:45 of 3rd period - Stopped by Connor Hellebuyck without a rebound.
7:46 of 3rd period - Claude Giroux wins face-off versus Alexander Radulov in PHILADELPHIA Flyers zone.
7:46 of 3rd period - Nick Schmaltz is hit by Cal Clutterbuck and loses puck.
9:45 of 3rd period - Joel Edmundson is hit by Jesperi Kotkaniemi and loses puck.
10:00 of 3rd period - Shot by Emil Bemstrom.
10:00 of 3rd period - Goal by Emil Bemstrom - DALLAS Stars : 3 - PHILADELPHIA Flyers : 4.
10:01 of 3rd period - Claude Giroux wins face-off versus Paul Cotter in neutral zone.
10:16 of 3rd period - Minor Penalty to Shea Weber for High sticking.
10:17 of 3rd period - Leon Draisaitl wins face-off versus Jesperi Kotkaniemi in PHILADELPHIA Flyers zone.
10:34 of 3rd period - Shot by Ryan Suter.
10:34 of 3rd period - Stopped by Connor Hellebuyck with a rebound.
10:36 of 3rd period - Shot by Ryan Suter.
10:36 of 3rd period - Shot Blocked by Joel Edmundson.
11:08 of 3rd period - Shot by Peyton Krebs.
11:08 of 3rd period - Stopped by Connor Hellebuyck without a rebound.
11:09 of 3rd period - Sean Couturier wins face-off versus Peyton Krebs in PHILADELPHIA Flyers zone.
11:36 of 3rd period - Icing by Peyton Krebs.
11:37 of 3rd period - Peyton Krebs wins face-off versus Nick Schmaltz in DALLAS Stars zone.
12:24 of 3rd period - Shot by Patrik Nemeth.
12:24 of 3rd period - Shot Misses the Net.
12:58 of 3rd period - Icing by Sean Walker.
12:59 of 3rd period - Paul Cotter wins face-off versus Sam Gagner in DALLAS Stars zone.
13:38 of 3rd period - Icing by Viktor Arvidsson.
13:39 of 3rd period - Viktor Arvidsson wins face-off versus Claude Giroux in DALLAS Stars zone.
13:39 of 3rd period - Viktor Arvidsson is hit by Leon Draisaitl.
13:42 of 3rd period - Icing by Ryan Suter.
13:43 of 3rd period - Peyton Krebs wins face-off versus Claude Giroux in DALLAS Stars zone.
14:34 of 3rd period - Leon Draisaitl is hit by Jesperi Kotkaniemi and loses puck.
14:47 of 3rd period - Shot by Sean Couturier.
14:47 of 3rd period - Stopped by Carter Hart without a rebound.
14:48 of 3rd period - Alexander Radulov wins face-off versus Sean Couturier in DALLAS Stars zone.
14:48 of 3rd period - Alexander Radulov is hit by Mike Hoffman.
14:49 of 3rd period - Minor Penalty to Sean Couturier for Cross-checking.
14:50 of 3rd period - Leon Draisaitl wins face-off versus Jesperi Kotkaniemi in PHILADELPHIA Flyers zone.
15:19 of 3rd period - Shot by Viktor Arvidsson.
15:19 of 3rd period - Stopped by Connor Hellebuyck without a rebound.
15:20 of 3rd period - Peyton Krebs wins face-off versus Jonathan Drouin in PHILADELPHIA Flyers zone.
17:01 of 3rd period - Icing by Sean Walker.
17:02 of 3rd period - Sean Couturier wins face-off versus Alexander Radulov in DALLAS Stars zone.
17:19 of 3rd period - Minor Penalty to Alexander Edler for Slashing.
17:20 of 3rd period - Peyton Krebs wins face-off versus Claude Giroux in PHILADELPHIA Flyers zone.
17:49 of 3rd period - Shot by Ryan Suter.
17:49 of 3rd period - Shot Misses the Net.
17:51 of 3rd period - Shot by Juuso Valimaki.
17:51 of 3rd period - Shot Misses the Net.
17:57 of 3rd period - Shot by Juuso Valimaki.
17:57 of 3rd period - Shot Misses the Net.
17:59 of 3rd period - Shot by Juuso Valimaki.
17:59 of 3rd period - Goal by Juuso Valimaki - DALLAS Stars : 4 - PHILADELPHIA Flyers : 4.
18:00 of 3rd period - Sean Monahan wins face-off versus Paul Cotter in neutral zone.
18:21 of 3rd period - Shot by Sean Couturier.
18:21 of 3rd period - Shot Misses the Net.
18:28 of 3rd period - Minor Penalty to Sean Couturier for Roughing.
18:29 of 3rd period - Jesperi Kotkaniemi wins face-off versus Leon Draisaitl in PHILADELPHIA Flyers zone.
18:32 of 3rd period - Shot by Viktor Arvidsson.
18:32 of 3rd period - Deflect By Aliaksei Protas.
18:32 of 3rd period - Stopped by Connor Hellebuyck without a rebound.
18:33 of 3rd period - Peyton Krebs wins face-off versus Leon Draisaitl in PHILADELPHIA Flyers zone.
19:08 of 3rd period - Shot by Sonny Milano.
19:08 of 3rd period - Stopped by Connor Hellebuyck without a rebound.
19:09 of 3rd period - Jesperi Kotkaniemi wins face-off versus Nick Schmaltz in PHILADELPHIA Flyers zone.
19:45 of 3rd period - Shot by Viktor Arvidsson.
19:45 of 3rd period - Deflect By Jesperi Kotkaniemi.
19:45 of 3rd period - Stopped by Connor Hellebuyck without a rebound.
19:46 of 3rd period - Leon Draisaitl wins face-off versus Peyton Krebs in PHILADELPHIA Flyers zone.
19:54 of 3rd period - Icing by Peyton Krebs.
19:55 of 3rd period - Peyton Krebs wins face-off versus Leon Draisaitl in DALLAS Stars zone.
19:55 of 3rd period - Peyton Krebs is hit by Claude Giroux.
Goals for this period are 3 for DALLAS Stars vs 0 for PHILADELPHIA Flyers.
Shots for this period are 16 for DALLAS Stars vs 6 for PHILADELPHIA Flyers.

Overtime #1


0:01 of 1st overtime period - Jesperi Kotkaniemi wins face-off versus Leon Draisaitl in neutral zone.
0:10 of 1st overtime period - Shot by Jesperi Kotkaniemi.
0:10 of 1st overtime period - Shot Misses the Net.
0:42 of 1st overtime period - Shot by Nicklas Backstrom.
0:42 of 1st overtime period - Stopped by Connor Hellebuyck without a rebound.
0:43 of 1st overtime period - Sean Monahan wins face-off versus Nicklas Backstrom in PHILADELPHIA Flyers zone.
1:10 of 1st overtime period - Shot by Sean Monahan.
1:10 of 1st overtime period - Stopped by Carter Hart without a rebound.
1:11 of 1st overtime period - Nicklas Backstrom wins face-off versus Sean Monahan in DALLAS Stars zone.
2:01 of 1st overtime period - Icing by Joel Edmundson.
2:02 of 1st overtime period - Jesperi Kotkaniemi wins face-off versus Chris Tierney in PHILADELPHIA Flyers zone.
2:21 of 1st overtime period - Shot by Jesperi Kotkaniemi.
2:21 of 1st overtime period - Shot Misses the Net.
2:29 of 1st overtime period - Shot by Joel Edmundson.
2:29 of 1st overtime period - Shot Misses the Net.
2:37 of 1st overtime period - Shot by Joel Edmundson.
2:37 of 1st overtime period - Shot Blocked by Conor Timmins.
2:51 of 1st overtime period - Icing by Jesperi Kotkaniemi.
2:52 of 1st overtime period - Sean Monahan wins face-off versus Jesperi Kotkaniemi in DALLAS Stars zone.
3:03 of 1st overtime period - Shot by Sean Monahan.
3:03 of 1st overtime period - Shot Misses the Net.
3:05 of 1st overtime period - Shot by Sean Monahan.
3:05 of 1st overtime period - Stopped by Carter Hart with a rebound.
3:09 of 1st overtime period - Shot by Josh Leivo.
3:09 of 1st overtime period - Shot Misses the Net.
3:11 of 1st overtime period - Shot by Justin Schultz.
3:11 of 1st overtime period - Shot Misses the Net.
3:13 of 1st overtime period - Shot by Justin Schultz.
3:13 of 1st overtime period - Shot Blocked by Jesperi Kotkaniemi.
3:15 of 1st overtime period - Shot by Josh Leivo.
3:15 of 1st overtime period - Stopped by Carter Hart with a rebound.
3:19 of 1st overtime period - Shot by Josh Leivo.
3:19 of 1st overtime period - Deflect By Sean Monahan.
3:19 of 1st overtime period - Goal by Sean Monahan - DALLAS Stars : 4 - PHILADELPHIA Flyers : 5.
Goals for this period are 0 for DALLAS Stars vs 1 for PHILADELPHIA Flyers.
Shots for this period are 1 for DALLAS Stars vs 4 for PHILADELPHIA Flyers. Output by the SimonT Hockey Simulator (STHS) for Martin Benoit - Original Page W3C HTML5 Valid
Hockey Simulator - Hockey Simulation - Hockey Manager